 Dungeon Crawl Stone Soup version 0.23.2-33-g5129a83184 (webtiles) character file.

Game seed: 6837761086140085002

107 MalarOregon the Chiller (level 4, -1/33 HPs)
             Began as a Merfolk Ice Elementalist on Aug 1, 2019.
             Slain by a gnoll
             ... wielding a +2 whip of venom
              (8 damage)
             ... on level 2 of the Dungeon.
             The game lasted 00:04:42 (1859 turns).

MalarOregon the Chiller (Merfolk Ice Elementalist)  Turns: 1859, Time: 00:04:43

Health: -1/33      AC:  4    Str:  6 (9)  XL:     4   Next: 85%
Magic:  7/7        EV: 13    Int: 13 (14) God:
Gold:   106        SH:  0    Dex: 11 (14) Spells: 1/7 levels left

rFire    . . .     SeeInvis .   h - +1 dagger (speed)
rCold    . . .     Gourm    .   (no shield)
rNeg     . . .     Faith    .   a - +0 robe
rPois    .         Spirit   .   i - +0 helmet
rElec    .         Reflect  .   (no cloak)
rCorr    .         Harm     .   d - +0 pair of gloves
MR       .....                  (no boots)
Stlth    ++........             (no amulet)
HPRegen  0.11/turn              (no ring)
MPRegen  0.10/turn              (no ring)

@: lethally poisoned (-1 -> -37), very slightly contaminated
A: change form in water, swift swim, stealthy swim
a: no special abilities


You were on level 2 of the Dungeon.
You were not hungry.

You visited 1 branch of the dungeon, and saw 3 of its levels.

You collected 106 gold pieces.

Inventory:

Hand Weapons
 h - a +1 dagger of speed (weapon)
   (You took it off a goblin on level 1 of the Dungeon)
Armour
 a - a +0 robe (worn)
 d - a +0 pair of gloves (worn)
   (You found it on level 1 of the Dungeon)
 i - a +0 helmet (worn)
   (You found it on level 1 of the Dungeon)
Magical Staves
 j - an uncursed staff of cold
   (You found it on level 3 of the Dungeon)
Scrolls
 f - a scroll of fear {unknown}
 g - a scroll of amnesia {unknown}
 l - 4 scrolls of identify {unknown}
 o - a scroll of teleportation {unknown}
 p - a scroll of blinking {unknown}
Potions
 k - a potion of curing {unknown}
 n - a potion of agility {unknown}
Comestibles
 e - 4 rations {!d}
 m - 5 chunks of flesh


   Skills:
 + Level 2.0 Fighting
 + Level 3.9 Dodging
 - Level 2.1 Stealth
 - Level 2.0 Spellcasting
 - Level 1.0 Conjurations
 * Level 4.7 Ice Magic


You had one spell level left.
You knew the following spells:

 Your Spells              Type           Power        Failure   Level  Hunger
a - Freeze                Ice            ##..         3%          1    ##.....
b - Ozocubu's Armour      Chrm/Ice       #.......     28%         3    ####...
x - Throw Frost           Conj/Ice       #.....       12%         2    ###....

Your spell library contained the following spells:

 Spells                   Type           Power        Failure   Level  Hunger
 Throw Icicle             Conj/Ice       #.......     61%         4    #####..
 Summon Ice Beast         Ice/Summ       #.......     67%         4    #####..


Dungeon Overview and Level Annotations

Branches:
Dungeon (3/15)

Altars:


Message History

You feel sick.
You feel sick.
You feel sick.
Aim: a gnoll, wielding a +2 whip of venom (heavily wounded)
You freeze the gnoll.
You feel sick.
The gnoll hits you with a +2 whip of venom.
* * * LOW HITPOINT WARNING * * *
You are lethally poisoned!
It was a potion of degeneration.
There was something very wrong with that liquid.
You feel weakened.
You feel dopey.
You feel clumsy.
* * * LOW HITPOINT WARNING * * *
You feel sick. The gnoll barely misses you.
It was a potion of ambrosia.
You are confused.
You feel invigorated.
* * * LOW HITPOINT WARNING * * *
You feel sick. The gnoll closely misses you.
* * * LOW HITPOINT WARNING * * *
You feel sick.
You're too confused to move!
You feel sick. The gnoll completely misses you.
You bump into the rock wall.
The gnoll hits you with a +2 whip of venom.
* * * LOW HITPOINT WARNING * * *
You are lethally poisoned!
You barely miss the gnoll.
* * * LOW HITPOINT WARNING * * *
You feel sick.
The gnoll hits you with a +2 whip of venom!
* * * LOW HITPOINT WARNING * * *
You are more poisoned.
Unknown command.
You bump into the rock wall.
* * * LOW HITPOINT WARNING * * *
You feel very sick.
The gnoll hits you with a +2 whip of venom.
* * * LOW HITPOINT WARNING * * *
You are more poisoned.
You're too confused to move!
* * * LOW HITPOINT WARNING * * *
You feel very sick. The gnoll barely misses you.
* * * LOW HITPOINT WARNING * * *
You feel very sick.
You hit the gnoll.
You feel less invigorated.
You feel less confused.
* * * LOW HITPOINT WARNING * * *
You feel sick.
The gnoll hits you with a +2 whip of venom!
You die...

.......#.#######.#
##.##............#
#...#.##.##.####.#
......#...#......#
#...........####.#
##..#.....#....#.#
รท...###..##.##.#.#
#..###.......#.#g#
.....#..##.#.#.#@#
.........#.#.#.#.#
...#.........#.#.#
#.##.#...#...#>#.#
.....##.##.#.#.#.#
...............#.#
############.###.#
#.# #.# #.# #.#


You could see a gnoll.

Vanquished Creatures
  4 adders
  2 oozes
  A worm (D:2)
  4 dart slugs
  A leopard gecko (D:2)
  A giant cockroach (D:1)
  9 goblins
  8 hobgoblins
  4 jackals (D:2)
  6 bats
  2 kobolds (D:1)
  7 rats
49 creatures vanquished.

Notes
Turn   | Place    | Note
-------+----------+-------------------------------------------
     0 | D:1      | MalarOregon the Merfolk Ice Elementalist began the quest
                  | for the Orb.
     0 | D:1      | Reached XP level 1. HP: 13/13 MP: 3/3
   220 | D:1      | Reached XP level 2. HP: 20/20 MP: 0/5
   404 | D:1      | Reached skill level 1 in Fighting
   462 | D:1      | Reached XP level 3. HP: 19/26 MP: 6/6
   487 | D:1      | Reached skill level 4 in Ice Magic
   974 | D:2      | Learned a level 2 spell: Throw Frost
   978 | D:2      | Learned a level 3 spell: Ozocubu's Armour
  1055 | D:3      | Reached XP level 4. HP: 31/33 MP: 0/7
  1359 | D:2      | Reached skill level 1 in Conjurations
  1859 | D:2      | Slain by a gnoll

Skill      XL: |  1  2  3  4 |
---------------+-------------+-----
Dodging        | 3 |  3.9
Fighting       | 1 2 |  2.0
Ice Magic      | 4 |  4.7
Conjurations   | 1 |  1.0
Stealth        | |  2.1
Spellcasting   | |  2.0

Action                   |  1- 3 |  4- 6 || total
-------------------------+-------+-------++-------
Melee: Dagger            |   111 |    43 ||   154
       Unarmed           |     1 |       ||     1
       Staff             |       |    16 ||    16
 Cast: Freeze            |    17 |    11 ||    28
       Throw Frost       |     3 |    17 ||    20
  Use: Potion            |       |     2 ||     2
 Stab: Sleeping          |     1 |     2 ||     3
  Eat: Chunk             |       |     5 ||     5
Armor: Robe              |    31 |    15 ||    46
Dodge: Dodged            |    75 |    49 ||   124
